AoeStats
← Boshetunmay

Arena

510139395Analyzed
3v3 RM · 1d ago on Sep 29, 2026· 26m 47s· 6 players
Game mode
Random Map
Map size
Normal (6 player)
Population
200
Speed
Normal
Resources
Standard
Victory
Conquest
Starting age
Dark Age
Ending age
Imperial Age
RankedLock teamsTeams togetherTeam positionsShared explorationLock speedFull tech treeHidden civsTurbo modeCheats
Victory
Defeat
🇬🇧 Burgundians · United Kingdom
813
+12
🇹🇼 Spanish · Taiwan
737
+15
🇹🇼 Persians · Taiwan
737
+15
🇺🇦 Portuguese · Ukraine
762
-16
🇺🇦 Bulgarians · Ukraine
730
-14
🇺🇦 Poles · Ukraine
671
-12
Gurman8777
0:27 Loom
13:17 Feudal Age
11:52 Double-Bit Axe
12:29 Horse Collar
12:43 Gold Mining
20:21 Castle Age
18:46 Heavy Plow
19:20 Scale Mail Armor
25:44 Wheelbarrow
26:45 Padded Archer Armor
harrison820
11:00 Feudal Age
11:45 Double-Bit Axe
18:40 Castle Age
18:12 Padded Archer Armor
20:10 Light Cavalry
21:50 Wheelbarrow
23:22 Leather Archer Armor
26:20 Bow Saw
26:34 Horse Collar
wen820323
11:37 Feudal Age
11:36 Loom
14:43 Double-Bit Axe
17:29 Man-at-Arms
22:11 Castle Age
Boshetunmay
11:19 Feudal Age
15:23 Wheelbarrow
15:32 Man-at-Arms
17:24 Arson
18:45 Bloodlines
25:00 Double-Bit Axe
25:01 Horse Collar
BigDog
7:31 Loom
11:22 Feudal Age
12:07 Double-Bit Axe
21:52 Castle Age
21:01 Wheelbarrow
20:13 Horse Collar
20:47 Forging
20:38 Scale Mail Armor
20:34 Fletching
22:21 Gambesons
25:29 Heavy Plow
tupak
6:33 Loom
10:00 Feudal Age
10:31 Double-Bit Axe
11:24 Wheelbarrow
10:35 Town Watch
10:32 Horse Collar
19:25 Castle Age
17:23 Gold Mining
18:37 Stone Mining
20:32 Hand Cart
20:21 Heavy Plow
24:28 Bow Saw
24:55 Treadmill Crane
24:53 Pikeman
25:58 Man-at-Arms
Connection lost

Rejoining the realm…

Still unreachable

The connection could not be restored.

Session expired

The server has moved on; the page needs a fresh start.